areegatoe, lawful female human Samurai ----------- |.........| ---.|....[%...| ....-....<....+ -.--|^...[*...|-- |...|.........|.| -.|.-----------.| ..|0....|..*....| ---.---.|.-----.|-- |...|..0|.|.| |--.|--@|)|.| |...| |.V...| ----- ------- areegatoe the Kunoichi Experience level: 8 Strength: 15 Dexterity: 18 Constitution: 17 Intelligence: 8 Wisdom: 12 Charisma: 6 Health: 0(81) Energy: 38(38) AC: 1 Gold: 590 Moves: 4881 Your Inventory: Coins $ - 590 gold pieces Weapons a - an uncursed rusty +0 katana c - an uncursed +0 yumi (weapon in hand) d - 18 uncursed +0 ya (in quiver) Armor e - an uncursed rustproof +0 splint mail (being worn) n - an uncursed +0 pair of speed boots (being worn) s - an uncursed +0 dwarvish cloak (being worn) Comestibles g - 7 uncursed gunyoki G - an uncursed [stale] egg K - an uncursed pear S - an [uncursed] cream pie Scrolls N - an [uncursed] scroll labeled VELOX NEB [of fire] Potions p - a cursed clear potion [of unholy water] w - a cursed steamy potion [of fruit juice] O - an [uncursed] dark green potion [of sleeping] P - a [blessed] brown potion [of levitation] Rings m - an uncursed bronze ring [of polymorph control] (on right hand) F - an uncursed tiger eye ring [of cold resistance] (on left hand) Wands I - an uncursed wand of striking [0:6] M - an [uncursed] chrome wand [of digging (0:8)] Tools f - an uncursed blindfold v - an uncursed stethoscope z - 6 uncursed partly used [tallow] candles (0:47) B - an uncursed [oil] lamp called oil lamp H - an uncursed mirror Q - an [uncursed] credit card R - an [uncursed] can of grease [0:7] Spells known in the end: Name Level Category Fail Memory Your skills at the end: Fighting Skills martial arts [Basic / Master] body armor [Basic / Expert] Weapon Skills short sword [Basic / Expert] long sword [Skilled / Expert] bow [Basic / Expert] Spellcasting Skills Final Attributes: You were piously aligned. Hunger level was 1445. Your alignment was 33 / 34. Monster difficulty range was 1 - 9. Level difficulty was 10. You were immune to cold. You resisted poison. You were telepathic. You had polymorph control. You were very fast. Your luck was zero. You are dead. Vanquished creatures: an ettin mummy 2 shocking spheres a leocrotta a cockatrice 2 dwarf mummies a rust monster 2 dogs a dwarf lord 6 human zombies 7 Mordor orcs 14 gnome lords 2 gnomish wizards a kobold mummy a floating eye 3 dwarves a centipede 2 giant bats 4 dwarf zombies a large kobold a hobgoblin 5 giant rats a cave spider 2 brown molds a yellow mold 74 gnomes 5 gnome zombies 2 geckos 6 jackals 2 sewer rats 10 grid bugs a bat 4 lichens 2 kobold zombies a newt 170 creatures vanquished. Voluntary challenges: You used a wielded weapon 265 times. You read items or engraved 1 time. You put on armor 3 times. You never genocided any monsters. You never polymorphed an object. You never changed form. You used no wishes. You never wrote Elbereth's name. You never encountered a bones level. You never used any Sokoban shortcuts. Dungeon overview: The Dungeons of Doom: levels 1 to 4 Level 1 some fountains, a sink a long staircase Level 2 (glas orb + helmet) an armor shop stairs to The Gnomish Mines Level 3 a scroll shop Level 4 a fountain The Gnomish Mines: levels 3 to 10 Level 3 stairs to The Dungeons of Doom Level 5 many shops, a temple to Amaterasu Omikami, a magic chest, some fountains Level 10 <- You were here History has recorded: On T:1 you entered the Dungeons of Doom to retrieve the Amulet of Yendor! On T:437 you reached level 2 of The Dungeons of Doom. On T:618 you advanced to experience level 2. On T:794 you advanced to experience level 3. On T:819 you reached level 1 of The Gnomish Mines. On T:1021 you reached level 3 of The Dungeons of Doom. On T:1377 you advanced to experience level 4. On T:1526 you reached level 4 of The Dungeons of Doom. On T:1970 you advanced to experience level 5. On T:2095 you advanced to experience level 6. On T:2216 you reached level 2 of The Gnomish Mines. On T:2484 you reached level 3 of The Gnomish Mines. On T:2541 you advanced to experience level 7. On T:3168 you reached level 4 of The Gnomish Mines. On T:3605 you reached level 5 of The Gnomish Mines. On T:3612 you advanced to experience level 8. On T:4011 you reached level 6 of The Gnomish Mines. On T:4256 you reached level 7 of The Gnomish Mines. On T:4539 you reached level 8 of The Gnomish Mines. On T:4541 you advanced to experience level 9. Latest messages: You shoot 2 ya. The 1st ya hits it. The 2nd ya hits it. The ya misses. The ya hits the vampire lord! The vampire lord hits! The vampire lord bites! Your blood is being drained! [HP-3=10] [HP+1=11] You shoot 2 ya. The 1st ya hits the vampire lord! The 2nd ya misses the vampire lord. The ya hits the vampire lord. The vampire lord hits! The vampire lord bites! Your blood is being drained! You die... Final status: Sayonara areegatoe the Samurai... You died in The Gnomish Mines on dungeon level 10 with 4377 points, and 590 pieces of gold, after 4881 moves. You were level 8 with a maximum of 81 hit points when you died.